 Dungeon Crawl Stone Soup version 0.28.0-53-g5a82cb258f (webtiles) character file.

Game seed: 4289386748358814369

872 buhh the Insei (level 8, -2/54 HPs)
             Began as an Octopode Transmuter on June 15, 2022.
             Was an Initiate of Cheibriados.
             Slain by an orc warrior
             ... wielding a +0 scimitar
              (20 damage)
             ... on level 5 of the Dungeon.
             The game lasted 00:17:42 (6685 turns).

buhh the Insei (Octopode Transmuter)                Turns: 6685, Time: 00:17:43

Health: -2/54      AC:  2    Str: 11    XL:     8   Next: 4%
Magic:  17/20      EV: 19    Int: 18    God:    Cheibriados [......]
Gold:   204        SH:  0    Dex: 18    Spells: 1/11 levels left

rFire   . . .      SeeInvis .     - Unarmed
rCold   . . .      Faith    .   (shield currently unavailable)
rNeg    . . .      Spirit   .   (helmet currently unavailable)
rPois   x          Reflect  .   (no amulet)
rElec   .          Harm     .   k - ring of magical power
rCorr   .          Rampage  .   (no ring)
Will    .....                   (no ring)
Stlth   ++........              (no ring)
HPRegen 0.18/turn               (no ring)
MPRegen 0.17/turn               (no ring)
                                (no ring)
                                (no ring)

@: spider-form, very slow
A: venomous fangs, almost no armour, (amphibious), 8 rings, tiny, (camouflage
1), (gelatinous body 1), (nimble swimmer 1), (tentacles)
a: End Transformation, Renounce Religion


You were on level 5 of the Dungeon.
You worshipped Cheibriados.
Cheibriados was noncommittal.
You were a venomous arachnid creature.
You visited 2 branches of the dungeon, and saw 8 of its levels.

You collected 204 gold pieces.

Inventory:

Hand Weapons
 j - the +7 short sword of Nimeu (melded) {flame, rElec}
   (You found it on level 3 of the Dungeon)

   It burns those it strikes, dealing additional fire damage.
   rElec:     It insulates you from electricity.
Armour
 h - a +2 buckler
Jewellery
 k - a ring of magical power (left front leg)
Wands
 v - a wand of digging (6)
 F - a wand of iceblast (2)
Scrolls
 a - a scroll of silence {!r}
 b - a scroll of summoning {unknown}
 e - a scroll of torment {unknown}
 f - a scroll of amnesia {unknown}
 i - 4 scrolls of teleportation {unknown}
 n - 2 scrolls of fear {unknown}
 p - 2 scrolls of vulnerability {unknown}
 q - a scroll of enchant armour {unknown}
 s - 2 scrolls of fog {unknown}
 t - a scroll of magic mapping {unknown}
Potions
 d - a potion of attraction
 m - a potion of flight {unknown}
 o - a potion of mutation {unknown}
 r - a potion of degeneration {unknown}
 M - a potion of heal wounds {!q!d}
 N - 5 potions of curing {!q!d}


   Skills:
 - Level 4.0 Fighting
 - Level 2.0 Dodging
 - Level 1.0 Stealth
 - Level 5.0 Unarmed Combat
 - Level 2.0 Spellcasting
 * Level 5.0 Transmutations
 * Level 4.4 Ice Magic


You had one spell level left.
You knew the following spells:

 Your Spells              Type           Power      Damage    Failure   Level
a - Beastly Appendage     Tmut           40%        N/A       9%          1
b - Wereblood             Tmut           20%        N/A       12%         2
c - Ice Form              Ice/Tmut       18%        N/A       47%         4
d - Spider Form           Tmut/Pois      10%        N/A       38%         3

Your spell library contained the following spells:

 Spells                   Type           Power      Damage    Failure   Level
 Passwall                 Tmut/Erth      8%         N/A       24%         2
 Ensorcelled Hibernation  Hex/Ice        18%        N/A       26%         2
 Gell's Gravitas          Tloc           1%         N/A       69%         3
 Swiftness                Air            1%         N/A       69%         3
 Teleport Other           Tloc           1%         N/A       69%         3
 Dispersal                Tloc           0%         N/A       100%        6


Dungeon Overview and Level Annotations

Branches:
Dungeon (7/15)             Temple (1/1) D:6

Altars:
Ashenzari
Cheibriados
Dithmenos
Elyvilon
Fedhas
Gozag
Hepliaklqana
Kikubaaqudgha
Makhleb
Nemelex Xobeh
Okawaru
Qazlal
Ru
Sif Muna
Trog
Uskayaw
Wu Jian
Xom
Yredelemnul
Zin
The Shining One

Annotations:
D:4 1 runed translucent door, exclusion: door, Crazy Yiuf
D:6 exclusion: steam dragon


Innate Abilities, Weirdness & Mutations

You are a venomous arachnid creature.
You have poisonous fangs.
You are tiny and dextrous.
Your spellcasting is less reliable in this form.
Your armour is entirely melded.
You are incapable of wielding weapons or throwing items.
You cannot wear most types of armour.
((You are amphibious.))
You can wear up to eight rings at the same time.
((Your skin changes colour to match your surroundings (Stealth+).))
((Your rubbery body absorbs attacks. (AC +1, EV +1)))
((You are camouflaged when in or above water. (Stealth+)))
((You have tentacles for arms and can constrict up to eight enemies at once.))


Message History

The +7 short sword of Nimeu {flame, rElec} melds into your body.
The +7 short sword of Nimeu {flame, rElec} stops flaming.
You climb downwards.
Level annotation: exclusion: steam dragon
There is a stone staircase leading up here.
There is an open door here.
The orc closely misses you. The orc misses you.
You barely miss the orc. The orc barely misses you.
The orc warrior shouts!
The orc wizard shouts!
You bite the orc!
You kill the orc!
Cheibriados appreciates the change of pace.
Your transformation is almost over.
There is an open door here.
There is a stone staircase leading up here.
Unknown command.
Your transformation has ended.
The +7 short sword of Nimeu {flame, rElec} unmelds from your body.
The +7 short sword of Nimeu {flame, rElec} bursts into flame!
The orc warrior barely misses you.
You climb upwards.
There is a stone staircase leading down here.
You turn into a venomous arachnid creature.
The +7 short sword of Nimeu {flame, rElec} melds into your body.
The +7 short sword of Nimeu {flame, rElec} stops flaming.
The orc warrior misses you.
You hit the orc warrior.
The orc warrior is poisoned.
The orc warrior is moderately wounded.
The orc warrior hits you with a +0 scimitar!
You hit the orc warrior.
The orc warrior looks as sick as possible!
The orc warrior is heavily wounded.
You barely miss the orc warrior.
The orc warrior is heavily wounded.
The orc warrior hits you with a +0 scimitar!!
You hit the orc warrior.
The orc warrior is severely wounded.
The orc warrior hits you with a +0 scimitar!!
You die...

#....# #....# #......# #....#
#....# #.#.....
#....#########....####......#
##.................'..........
#......##..........###........
#......##..##......# #..#.....
#......##..##......# #.##.....
#......##....o.#######.##.....
#......##....s................
#......##.#############...##..
#......##.# #.#.##..
#......##.########### #.#.##..
#########...........# ###.....
#..................# ######
#..................# ##
#...........<......# #.
#..................# #.


You could see an orc warrior (extremely poisoned).

Vanquished Creatures
  An ice beast (D:5)
  2 necrophages
  A scorpion (D:5)
  A jelly (D:5)
  3 hounds
  A centaur skeleton (D:5)
  3 orc priests
  Jessica (D:2)
  2 iguanas
  An orc wizard (D:5)
  Robin (D:3)
  2 adders
  4 gnolls (D:5)
  2 shadow imps
  An ufetubus (D:5)
  A worm (D:4)
  5 dart slugs
  11 orcs
  4 bats
  11 endoplasms
  4 giant cockroaches
  13 goblins
  12 hobgoblins
  3 jackals (D:5)
  2 quokkas
  2 ball pythons
  4 frilled lizards
  10 kobolds
  8 rats
116 creatures vanquished.

Vanquished Creatures (others)
  7 plants (D:6)
7 creatures vanquished.

Grand Total: 123 creatures vanquished

Notes
Turn   | Place    | Note
-------+----------+-------------------------------------------
     0 | D:1      | buhh the Octopode Transmuter began the quest for the Orb.
     0 | D:1      | Reached XP level 1. HP: 13/13 MP: 3/3
     2 | D:1      | Noticed a demonspawn
     2 | D:1      | Noticed an octopode
     4 | D:1      | Noticed a human
     8 | D:1      | Noticed a vampire
     8 | D:1      | Noticed a gargoyle
    10 | D:1      | Noticed a spriggan
    12 | D:1      | Noticed an elf
    12 | D:1      | Noticed a felid
    14 | D:1      | Noticed a merfolk
    14 | D:1      | Noticed a formicid
    16 | D:1      | Noticed a troll
    18 | D:1      | Noticed a naga
    18 | D:1      | Noticed a tengu
    20 | D:1      | Noticed an ogre
    20 | D:1      | Noticed a ghoul
    22 | D:1      | Noticed a draconian
    22 | D:1      | Noticed a minotaur
    24 | D:1      | Noticed a dwarf
    24 | D:1      | Noticed a vine stalker
    26 | D:1      | Noticed a demigod
   183 | D:1      | Reached XP level 2. HP: 11/18 MP: 3/5
   493 | D:1      | Found a faded altar of an unknown god.
   755 | D:1      | Reached XP level 3. HP: 24/24 MP: 4/6
  1822 | D:2      | Learned a level 2 spell: Wereblood
  1950 | D:2      | Noticed Jessica
  1992 | D:3      | Reached XP level 4. HP: 30/30 MP: 5/7
  2047 | D:3      | Noticed Robin
  2059 | D:3      | Killed Robin
  2333 | D:3      | Identified the +7 short sword of Nimeu {flame, rElec}
  2619 | D:2      | Killed Jessica
  2620 | D:2      | Reached XP level 5. HP: 33/36 MP: 8/8
  3409 | D:4      | Found a runed translucent door.
  3410 | D:4      | Noticed Crazy Yiuf
  3472 | D:4      | Reached XP level 6. HP: 35/43 MP: 9/9
  3694 | D:5      | Entered Level 5 of the Dungeon
  3708 | D:5      | Noticed a necrophage
  3713 | D:5      | Killed a necrophage
  4362 | D:5      | Reached XP level 7. HP: 44/48 MP: 10/10
  5154 | D:4      | Learned a level 4 spell: Ice Form
  6136 | D:6      | Noticed a steam dragon
  6196 | D:6      | Reached XP level 8. HP: 54/54 MP: 11/11
  6200 | D:6      | Found a staircase to the Ecumenical Temple.
  6207 | Temple   | Entered the Ecumenical Temple
  6339 | Temple   | Became a worshipper of Cheibriados the Contemplative
  6657 | D:5      | Learned a level 3 spell: Spider Form
  6685 | D:5      | Slain by an orc warrior

Illustrated notes

Levels and vault maps discovered:
D:1:      kb_arrival_jail, layout_loops_ring,
          shapermc_ecumenical_altar_mp_highgroup, minivault_23
D:2:      layout_loops_cross, uniq_jessica
D:3:      layout_loops_cross, uniq_robin
D:4:      layout_loops_cross, uniq_crazy_yiuf_cottage
D:5:      layout_basic
D:6:      layout_gridville, minmay_temple_entry_gardened_gates, uniq_grinder
D:7:      wander_river, layout_loops_ring, mainiacjoe_overflow_catwalk
Temple:   mainiacjoe_temple_starburst

Skill      XL: |  1  2  3  4  5  6  7 |
---------------+----------------------+-----
Stealth        | 1 |  1.0
Fighting       | 2 3 4 |  4.0
Unarmed Combat | 4 5 |  5.0
Ice Magic      | 2 4 |  4.4
Transmutations | 3 5 |  5.0
Dodging        | |  2.0
Spellcasting   | |  2.0

Action                   |  1- 3 |  4- 6 |  7- 9 || total
-------------------------+-------+-------+-------++-------
Melee: Unarmed           |    87 |    23 |     6 ||   116
       Constrict         |    24 |    22 |    11 ||    57
       Tentacles         |    18 |    12 |    12 ||    42
       Kick              |    23 |    15 |     1 ||    39
       Punch             |     2 |       |       ||     2
       Short sword       |       |    60 |    45 ||   105
 Cast: Beastly Appendage |    29 |    18 |     2 ||    49
       Wereblood         |       |     1 |       ||     1
       Spider Form       |       |       |     2 ||     2
  Use: Scroll            |       |     2 |     6 ||     8
 Stab: Sleeping          |     9 |     4 |     2 ||    15
Armor: Skin              |     6 |     5 |     1 ||    12
Dodge: Dodged            |    39 |    32 |    29 ||   100
Block: Buckler           |       |    10 |     7 ||    17
